 Dungeon Crawl Stone Soup version 0.30-a0-364-gf6b3ef1049 (webtiles) character file.

Game seed: 431647907463516792

823 hikkokomori the Digger (level 7, 0/38 HPs)
             Began as a Gargoyle Earth Elementalist on Nov 15, 2022.
             Was an Initiate of Vehumet.
             Slain by a wight
             ... wielding a +0 falchion
              (3 damage)
             ... on level 6 of the Dungeon.
             The game lasted 00:05:52 (4488 turns).

hikkokomori the Digger (GrEE)                       Turns: 4488, Time: 00:05:52

Health: 0/38       AC:  8    Str: 11    XL:     7   Next: 96%
Magic:  10/15      EV: 12    Int: 18    God:    Vehumet [......]
Gold:   30         SH:  0    Dex: 10    Spells: 6/16 levels left

rFire   . . .      SeeInvis .    v - +0 morningstar
rCold   . . .      Faith    .    (no shield)
rNeg    + . .      Spirit   .    q - +2 robe {Will+}
rPois   ∞          Reflect  .    (no helmet)
rElec   +          Harm     .    y - scarf {repulsion}
rCorr   .          Rampage  .    (no gloves)
Will    +....                    (no boots)
Stlth   ++........               (no amulet)
HPRegen 0.26/turn                (no ring)
MPRegen 0.14/turn                (no ring)

@: repel missiles
A: sickness immunity, AC +4, negative energy resistance 1, electricity
resistance, torment resistance 1, petrification resistance
a: Renounce Religion


You were on level 6 of the Dungeon.
You worshipped Vehumet.
Vehumet was noncommittal.
You visited 2 branches of the dungeon, and saw 7 of its levels.

You collected 186 gold pieces.
You spent 156 gold pieces at shops.

Inventory:

Hand Weapons
 t - a +0 long sword
 v - a +0 morningstar (weapon)
Missiles
 g - a throwing net
Armour
 a - a +0 robe
 q - a +2 robe of willpower (worn)
 y - a scarf of repulsion (worn)
Magical Staves
 m - a staff of fire
Wands
 p - a wand of digging (1)
Scrolls
 c - a scroll of blinking {unknown}
 d - a scroll of amnesia {unknown}
 e - a scroll of acquirement {unknown}
 j - 4 scrolls of identify {unknown}
 k - a scroll of fear {unknown}
 l - 2 scrolls of teleportation {unknown}
 r - a scroll of enchant armour {unknown}
 w - a scroll of vulnerability {unknown}
Potions
 b - 2 potions of magic
 f - 2 potions of ambrosia {unknown}
 h - a potion of mutation {unknown}
 i - a potion of attraction {unknown}
 n - 2 potions of heal wounds {unknown}
 o - 3 potions of flight {unknown}
 s - a potion of curing {unknown}
 u - 3 potions of cancellation {unknown}
 x - a potion of brilliance {unknown}


   Skills:
 + Level 1.5 Fighting
 - Level 1.7 Dodging
 - Level 2.4 Stealth
 - Level 5.4 Spellcasting
 + Level 1.2 Translocations
 - Level 1.0 Transmutations
 + Level 7.9 Earth Magic


You had 6 spell levels left.
You knew the following spells:

 Your Spells              Type           Power      Damage    Failure   Level
a - Sandblast             Erth           66%        2d15      1%          1
b - Stone Arrow           Conj/Erth      38%        3d9       8%          3
c - Manifold Assault      Tloc           9%         N/A       61%         4
d - Passwall              Tmut/Erth      17%        N/A       3%          2

Your spell library contained the following spells:

 Spells                   Type           Power      Damage    Failure   Level
 Magic Dart               Conj           16%        1d3       13%         1
 Searing Ray              Conj           8%         2d4       19%         2
 Petrify                  Tmut/Erth      21%        N/A       21%         4
 Fulminant Prism          Conj/Hex       2%         3d5       77%         4
 Dispersal                Tloc           4%         N/A       100%        6
 Disjunction              Tloc           4%         N/A       100%        8


Dungeon Overview and Level Annotations

Branches:
Dungeon (6/15)             Temple (1/1) D:5

Altars:
Ashenzari
Cheibriados
Dithmenos
Elyvilon
Fedhas
Gozag
Hepliaklqana
Kikubaaqudgha
Makhleb
Nemelex Xobeh
Qazlal
Sif Muna
Trog
Vehumet
Wu Jian
Xom
Zin
The Shining One

Shops:
D:4 *   D:5 (

Annotations:
D:3 2 transporters, GiantSquids's ghost, weakling OpTm


Innate Abilities, Weirdness & Mutations

You are immune to sickness and miasma.
Your stone body is resilient. (AC +4)
You are immune to poison.
You resist negative energy. (rN+)
You are resistant to electric shocks. (rElec)
You are resistant to unholy torment.
You are immune to petrification.


Message History

Confirm with . or Enter, or press ? or * to list all spells.
You don't know that spell.
The blast of sand hits the wight!
The wight is heavily damaged.
The blast of sand misses the wight.
The blast of sand hits the wight!
The wight is almost destroyed.
The wight hits you with a +4 dagger! The wight hits you with a +0 falchion.
The blast of sand hits the wight.
You destroy the wight!
Vehumet accepts your kill. The wight hits you with a +0 falchion.
The wight hits you from afar with a +0 spear.
The wight closely misses you.
The wight hits you from afar with a +0 spear.
Your Translocations skill increases to level 1!
You are too injured to fight recklessly!
Unknown command.
You are too injured to fight recklessly!
Casting: Sandblast (safe; 1% risk of failure)
Confirm with . or Enter, or press ? or * to list all spells.
Aiming: Sandblast (safe; 1% risk of failure)
Press: ? - help, Shift-Dir - straight line, f - wight
Aim: a wight, wielding a +0 falchion and wearing a +0 robe of positive energy (84% to hit)
The blast of sand hits the wight!
The wight is heavily damaged.
The wight hits you with a +0 falchion.
* * * LOW HITPOINT WARNING * * *
The wight hits you from afar with a +0 spear.
* * * LOW HITPOINT WARNING * * *
Unknown command.
Casting: Sandblast (safe; 1% risk of failure)
Confirm with . or Enter, or press ? or * to list all spells.
Aiming: Sandblast (safe; 1% risk of failure)
Press: ? - help, Shift-Dir - straight line, f/p - wight
Aim: a wight, wielding a +0 falchion and wearing a +0 robe of positive energy (heavily damaged, 84% to hit)
The blast of sand hits the wight but does no damage.
The wight is heavily damaged.
The wight hits you with a +0 falchion.
You die...

#........ #....# #........
#....# +........
#####....######........
#.................###'#
#.................#....
#.....z........>..#....
#....z)...........#....
#.....@...........'....
#.................#....
######.................##...
........##+##############...
.............# #........
.....#.......# #........
.... #.......# #........ ...
#+####'## ######.## ##
##...#########.##.##


You could see 2 wights.

Vanquished Creatures
  Sigmund (D:4)
  2 ogres
  A scorpion (D:6)
  A wight (D:6)
  A howler monkey (D:5)
  3 hounds (D:5)
  A gnoll bouda (D:5)
  2 iguanas
  5 gnolls (D:5)
  4 adders
  2 white imps (D:5)
  2 worms
  2 dart slugs
  2 orcs (D:5)
  8 ball pythons
  4 endoplasms
  A giant cockroach (D:3)
  11 goblins
  8 hobgoblins
  3 jackals (D:5)
  7 kobolds
  5 quokkas
  2 bats (D:1)
  3 frilled lizards (D:1)
  5 rats
86 creatures vanquished.

Vanquished Creatures (others)
  A human (D:5)
1 creature vanquished.

Grand Total: 87 creatures vanquished

Notes
Turn   | Place    | Note
-------+----------+-------------------------------------------
     0 | D:1      | hikkokomori the Gargoyle Earth Elementalist began the quest
                  | for the Orb.
     0 | D:1      | Reached XP level 1. HP: 10/10 MP: 3/3
   224 | D:1      | Reached skill level 1 in Transmutations
   224 | D:1      | Reached XP level 2. HP: 15/15 MP: 3/5
   417 | D:1      | Reached skill level 4 in Earth Magic
   763 | D:1      | Reached XP level 3. HP: 17/19 MP: 4/6
  1865 | D:3      | Found a transporter.
  1943 | D:3      | Found a transporter.
  1943 | D:3      | Noticed GiantSquids's ghost (weakling OpTm)
  2012 | D:3      | Reached XP level 4. HP: 22/24 MP: 3/8
  2068 | D:3      | Noticed a great orb of eyes
  2073 | D:3      | Found a faded altar of an unknown god.
  2075 | D:3      | Noticed an eye of devastation
  2081 | D:3      | Noticed a golden eye
  2091 | D:3      | Noticed an eye of devastation
  2209 | D:3      | Found an opulent altar of Gozag.
  2248 | D:3      | Found a glowing silver altar of Zin.
  2503 | D:4      | Noticed an ogre
  2508 | D:4      | Killed an ogre
  2509 | D:4      | Reached skill level 5 in Earth Magic
  2509 | D:4      | Reached XP level 5. HP: 28/28 MP: 3/10
  2600 | D:4      | Found Yliatsepn's Neck Hole.
  2701 | D:4      | Noticed Sigmund
  2708 | D:4      | Killed Sigmund
  2709 | D:4      | Reached skill level 6 in Earth Magic
  2709 | D:4      | Reached XP level 6. HP: 30/32 MP: 5/12
  3020 | D:4      | Found a bloodstained altar of Trog.
  3310 | D:5      | Entered Level 5 of the Dungeon
  3336 | D:5      | Found a stormy altar of Qazlal.
  3386 | D:5      | Found a white marble altar of Elyvilon.
  3445 | D:5      | Found a blossoming altar of Fedhas.
  3503 | D:5      | Reached XP level 7. HP: 28/36 MP: 4/14
  3654 | D:5      | Reached skill level 7 in Earth Magic
  3701 | D:5      | Found a shimmering altar of Xom.
  3732 | D:5      | Found a broken altar of Ashenzari.
  3760 | D:5      | Found a shadowy altar of Dithmenos.
  3764 | D:5      | Found a staircase to the Ecumenical Temple.
  3769 | D:5      | Reached skill level 5 in Spellcasting
  3792 | Temple   | Entered the Ecumenical Temple
  3861 | Temple   | Became a worshipper of Vehumet
  3982 | D:5      | Found Ledef's Weapon Boutique.
  4028 | D:5      | Found an ancient bone altar of Kikubaaqudgha.
  4030 | D:5      | Noticed a human
  4032 | D:5      | Killed a human
  4117 | D:6      | Learned a level 3 spell: Stone Arrow
  4122 | D:6      | Learned a level 4 spell: Manifold Assault
  4125 | D:6      | Learned a level 2 spell: Passwall
  4204 | D:6      | Reached skill level 1 in Fighting
  4335 | D:4      | Bought a scarf of repulsion for 156 gold pieces
  4366 | D:6      | Found a snail-covered altar of Cheibriados.
  4487 | D:6      | Reached skill level 1 in Translocations
  4488 | D:6      | Slain by a wight

Illustrated notes

Levels and vault maps discovered:
D:1:      dpeg_arrival_radiant, layout_loops_corners, kennysheep_flooded_box
D:2:      layout_loops_ring
D:3:      layout_rooms, pdpol_temple_overflow_zin_treasury_gozag_greed,
          gammafunk_ghost_mausoleum, hellmonk_ecumenical_altar_watching_god
D:4:      layout_basic, kennysheep_little_box,
          nicolae_shop_sticking_my_neck_out, uniq_sigmund
D:5:      layout_cave_pools, tgw_kikubaaqudgha,
          mainiacjoe_overflow_surrounded_room, mainiacjoe_overflow_alcove_1,
          kennysheep_mini, grunt_temple_overflow_open,
          minmay_temple_entry_sparse_star, serial_shops,
          nicolae_shop_hallway_plus, minmay_statues_item,
          amcnicky_mini_pool_small
D:6:      layout_gridville, kennysheep_slug_shrine
Temple:   hellmonk_temple_two_chambers

Skill      XL: |  1  2  3  4  5  6  7 |
---------------+----------------------+-----
Transmutations | 1 |  1.0
Earth Magic    | 4 5 6 7 |  7.9
Spellcasting   | 3 4 5 |  5.4
Fighting       | 1 |  1.5
Translocations | 1 |  1.2
Dodging        | |  1.7
Stealth        | |  2.4

Action                   |  1- 3 |  4- 6 |  7- 9 || total
-------------------------+-------+-------+-------++-------
Melee: Unarmed           |     1 |       |       ||     1
       Long sword        |       |     3 |       ||     3
       Morningstar       |       |       |     2 ||     2
 Cast: Sandblast         |    60 |    52 |    31 ||   143
Armor: Robe              |     5 |     6 |     4 ||    15
Dodge: Dodged            |     7 |    20 |     8 ||    35

Table legend: (Time is in decaauts)
 A = Elapsed time spent in this place.
 B = Non-inter-level travel time spent in this place.
 C = Inter-level travel time spent in this place.
 D = Time resting spent in this place.
 E = Time spent auto-exploring this place.
 F = Levels seen in this place.
 G = Mean time per level.
                   A        B        C        D        E       F      G
               +--------+--------+--------+--------+--------+-----+--------+
         Total |   4565 |   4379 |    186 |     72 |   3757 |   7 |  652.1 |
       Dungeon |   4489 |   4308 |    181 |     72 |   3694 |   6 |  748.2 |
        Temple |     75 |     70 |      5 |      0 |     63 |   1 |   75.0 |
               +--------+--------+--------+--------+--------+-----+--------+

Top non-repeatable levels by time:
     D:1: 1196 daAuts
     D:4: 1037 daAuts
     D:5: 757 daAuts
     D:2: 694 daAuts
     D:3: 460 daAuts
     D:6: 343 daAuts
  Temple: 75 daAuts
